 Dungeon Crawl Stone Soup version 0.31-a0-7-g51783674b7 (webtiles) character file.

Game seed: 607034345483208472

226 Tiareth the Firebug (level 5, -5/28 HPs)
             Began as a Deep Elf Fire Elementalist on May 5, 2023.
             Slain by Crazy Yiuf
             ... wielding a +3 quarterstaff of chaos
              (10 damage)
             ... on level 3 of the Dungeon.
             The game lasted 00:11:23 (3289 turns).

Tiareth the Firebug (Deep Elf Fire Elementalist)    Turns: 3289, Time: 00:11:23

Health: -5/28      AC:  3    Str:  5    XL:     5   Next: 69%
Magic:  13/13      EV: 13    Int: 22    God:
Gold:   118        SH:  5    Dex: 15    Spells: 2/12 levels left

rFire   . . .        f - +0 dagger
rCold   . . .        (no shield)
rNeg    . . .        a - +0 robe
rPois   +            o - +0 helmet
rElec   .            (no cloak)
rCorr   .            (no gloves)
SInv    .            (no boots)
Will    +....        j - amulet of reflection
Stlth   ++           l - ring of poison resistance
HPRegen 0.24/turn    r - ring of willpower
MPRegen 0.13/turn

%: reflection
@: no status effects
A: no striking features
a: no special abilities


You were on level 3 of the Dungeon.
You visited 1 branch of the dungeon, and saw 3 of its levels.

You collected 118 gold pieces.

Inventory:

Hand Weapons
 f - a +0 dagger (weapon)
Armour
 a - a +0 robe (worn)
 o - a +0 helmet (worn)
Jewellery
 j - an amulet of reflection (around neck)
 l - a ring of poison resistance (left hand)
 r - a ring of willpower (right hand)
Wands
 t - a wand of light (12)
Scrolls
 c - a scroll of enchant armour {unknown}
 d - 2 scrolls of enchant weapon {unknown}
 e - 3 scrolls of identify
 g - a scroll of summoning
 h - a scroll of acquirement {unknown}
 m - a scroll of fear {unknown}
 n - a scroll of teleportation {unknown}
 p - a scroll of blinking {unknown}
 w - a scroll of torment {unknown}
Potions
 b - a potion of magic
 i - 3 potions of might {unknown}
 k - a potion of ambrosia {unknown}
 q - a potion of attraction {unknown}
 s - a potion of degeneration {unknown}
 u - a potion of curing {unknown}
 v - a potion of heal wounds {unknown}


   Skills:
 + Level 3.8 Dodging
 - Level 3.0 Stealth
 + Level 4.1 Spellcasting
 + Level 2.8 Conjurations
 + Level 1.4 Translocations
 * Level 4.8 Fire Magic


You had 2 spell levels left.
You knew the following spells:

 Your Spells              Type           Power      Damage    Failure   Level
a - Foxfire               Conj/Fire      84%        2x1d8     2%          1
b - Scorch                Fire           52%        2d7       2%          2
c - Flame Wave            Conj/Fire      21%        2d8       22%         4
d - Volatile Blastmotes   Fire/Tloc      36%        2d13      9%          3

Your spell library contained the following spells:

 Spells                   Type           Power      Damage    Failure   Level
 Inner Flame              Hex/Fire       15%        N/A       12%         3
 Ozocubu's Armour         Ice            4%         N/A       32%         3
 Simulacrum               Ice/Necr       2%         N/A       100%        6
 Ozocubu's Refrigeration  Ice            2%         4d7       100%        7
 Polar Vortex             Ice            2%         N/A       100%        9


Dungeon Overview and Level Annotations

Branches:
Dungeon (3/15)

Altars:

Annotations:
D:3 Crazy Yiuf


Message History

You hit the fungus.
The fungus is lightly damaged.
You hit the fungus.
The fungus is lightly damaged.
You hit the fungus.
The fungus is lightly damaged.
A nearby fungus withers and dies.
Found a dazzling hammer.
Found a runed translucent door.
Crazy Yiuf shouts!
As you open the door, it creaks loudly!
Crazy Yiuf whimpers, "Powder shoe sallow!"
Casting: Foxfire (safe; 2% risk of failure)
Confirm with . or Enter, or press ? or * to list all spells.
Flames lash Crazy Yiuf.
Crazy Yiuf is moderately wounded.
Crazy Yiuf's fire resistance burns away.
Crazy Yiuf hits you with a +3 quarterstaff of chaos!
Crazy Yiuf attacks as you move away! Crazy Yiuf barely misses you.
Crazy Yiuf attacks as you move away! You block Crazy Yiuf's attack.
Crazy Yiuf attacks as you move away! Crazy Yiuf closely misses you.
Crazy Yiuf attacks as you move away!
Crazy Yiuf hits you with a +3 quarterstaff of chaos!
* * * LOW HITPOINT WARNING * * *
Crazy Yiuf burns you.
* * * LOW HITPOINT WARNING * * *
As you read the scroll labelled ODITECICUK, it crumbles to dust.
It is a scroll of identify.
g - 2 scrolls of summoning You block Crazy Yiuf's attack.
As you read the scroll of summoning, it crumbles to dust.
Wisps of shadow whirl around you... Crazy Yiuf closely misses you.
You swap places.
Your endoplasm barely misses Crazy Yiuf.
Your hobgoblin hits Crazy Yiuf but does no damage.
Your endoplasm freezes Crazy Yiuf.
Crazy Yiuf is frozen.
Crazy Yiuf attacks as you move away! Crazy Yiuf barely misses you.
Crazy Yiuf attacks as you move away!
Crazy Yiuf hits you with a +3 quarterstaff of chaos!
You die...

#### #...
♣♣♣♣♣############### #...
♣♣♣.♣.P.+............# #...
#♣..♣.P...............#
#...
'.♣♣♣♣♣P..............#
#... #♣♣ ♣P.+.##.g.......#
#...
♣♣#####.J.......########...
#..g@................
####.[...<.....#########
##.....<......#.## #####
#.........#......####....
#.....................#.#
##........##....#(.####..
#..####.........##..###..
#.## ###.......##.......
#.# #.###...###.#....


You could see Crazy Yiuf (ally target), a friendly endoplasm (summoned) and a
friendly hobgoblin (summoned).

Vanquished Creatures
  A phantom (D:3)
  Terence (D:2)
  Robin (D:2)
  3 adders
  2 worms
  A dart slug (D:1)
  An orc (D:3)
  7 ball pythons
  6 endoplasms
  A giant cockroach (D:1)
  15 goblins
  5 hobgoblins
  12 jackals
  4 kobolds
  2 quokkas
  A bat (D:1)
  A frilled lizard (D:3)
  4 rats
68 creatures vanquished.

Vanquished Creatures (others)
  160 foxfires
  A fungus (D:3)
161 creatures vanquished.

Grand Total: 229 creatures vanquished

Notes
Turn   | Place    | Note
-------+----------+-------------------------------------------
     0 | D:1      | Tiareth the Deep Elf Fire Elementalist began the quest for
                  | the Orb.
     0 | D:1      | Reached XP level 1. HP: 10/10 MP: 6/6
   289 | D:1      | Reached XP level 2. HP: 14/15 MP: 4/8
   292 | D:1      | Learned a level 2 spell: Scorch
  1100 | D:1      | Reached XP level 3. HP: 19/19 MP: 5/9
  1390 | D:2      | Noticed Terence
  1396 | D:2      | Killed Terence
  1401 | D:2      | Reached XP level 4. HP: 6/24 MP: 3/11
  1410 | D:1      | Learned a level 4 spell: Flame Wave
  1414 | D:1      | Learned a level 3 spell: Volatile Blastmotes
  2040 | D:2      | Noticed Robin
  2087 | D:2      | Killed Robin
  2559 | D:3      | Noticed a phantom
  2567 | D:3      | Killed a phantom
  2568 | D:3      | Reached skill level 1 in Translocations
  2568 | D:3      | Reached XP level 5. HP: 28/28 MP: 2/13
  3266 | D:3      | Found a runed translucent door.
  3267 | D:3      | Noticed Crazy Yiuf
  3289 | D:3      | Slain by Crazy Yiuf

Illustrated notes

Levels and vault maps discovered:
D:1:      dpeg_arrival_long_road, layout_basic, minivault_26, minivault_4,
          nicolae_wormholes
D:2:      layout_loops_ring, uniq_terence, uniq_robin
D:3:      layout_rooms, nicolae_titane, uniq_crazy_yiuf_cottage

Skill      XL: |  1  2  3  4 |
---------------+-------------+-----
Dodging        | 3 |  3.8
Stealth        | 3 |  3.0
Conjurations   | 2 |  2.8
Fire Magic     | 4 |  4.8
Spellcasting   | 4 |  4.1
Translocations | 1 |  1.4

Action                     |  1- 3 |  4- 6 || total
---------------------------+-------+-------++-------
  Melee: Dagger            |     4 |     8 ||    12
   Cast: Foxfire           |    45 |    53 ||    98
         Scorch            |     3 |     8 ||    11
         Volatile Blastmot |       |     3 ||     3
    Use: Scroll            |       |     2 ||     2
   Stab: Sleeping          |     3 |       ||     3
 Armour: Robe              |     3 |     5 ||     8
  Dodge: Dodged            |    10 |    18 ||    28
  Block: Other             |       |     7 ||     7
         Reflection        |       |     1 ||     1

Table legend: (Time is in decaauts)
 A = Elapsed time spent in this place.
 B = Non-inter-level travel time spent in this place.
 C = Inter-level travel time spent in this place.
 D = Time resting spent in this place.
 E = Time spent auto-exploring this place.
 F = Levels seen in this place.
 G = Mean time per level.
                   A        B        C        D        E       F      G
               +--------+--------+--------+--------+--------+-----+--------+
         Total |   3289 |   3220 |     69 |    499 |   2163 |   3 | 1096.3 |
       Dungeon |   3289 |   3220 |     69 |    499 |   2163 |   3 | 1096.3 |
               +--------+--------+--------+--------+--------+-----+--------+

Top non-repeatable levels by time:
     D:1: 1460 daAuts
     D:2: 1022 daAuts
     D:3: 806 daAuts
